 Dungeon Crawl Stone Soup version 0.29.1-14-g9c671dbff4 (webtiles) character file.

Game seed: 3102749818564059710

24 Mickster the Gusty (level 2, -2/20 HPs)
             Began as a Demigod Wanderer on Feb 12, 2023.
             Slain by an adder (3 damage)
             ... on level 2 of the Dungeon.
             The game lasted 00:09:38 (776 turns).

Mickster the Gusty (Demigod Wanderer)                Turns: 776, Time: 00:09:40

Health: -2/20      AC:  5    Str: 11    XL:     2   Next: 60%
Magic:  5/5        EV: 11    Int: 15    God:
Gold:   20         SH:  0    Dex: 14    Spells: 3/3 levels left

rFire   . . .      SeeInvis .   i - +4 falchion
rCold   . . .      Faith    .   (no shield)
rNeg    . . .      Spirit   .   c - +0 robe
rPois   .          Reflect  .   d - +0 helmet
rElec   .          Harm     .   e - +1 cloak
rCorr   .          Rampage  .   (no gloves)
Will    .....                   (no boots)
Stlth   ++........              (no amulet)
HPRegen 0.06/turn               (no ring)
MPRegen 0.09/turn               (no ring)

@: lethally poisoned (-2 -> -8)
A: high MP 1, forlorn, divine attributes
a: no special abilities


You were on level 2 of the Dungeon.
You visited 1 branch of the dungeon, and saw 2 of its levels.

You collected 20 gold pieces.

Inventory:

Hand Weapons
 a - a +0 dagger
 g - a +0 spear
 h - a +0 sling
 i - a +4 falchion (weapon)
Missiles
 j - 6 curare-tipped darts (quivered)
Armour
 c - a +0 robe (worn)
 d - a +0 helmet (worn)
 e - a +1 cloak (worn)
Potions
 b - a potion of curing
 f - a potion of heal wounds


   Skills:
 * Level 0.8 Long Blades
 + Level 0.2 Dodging
 + Level 1.8 Stealth
 + Level 1.0 Spellcasting
 + Level 2.8 Conjurations
 + Level 4.1 Air Magic


You had 3 spell levels left.
You didn't know any spells.
Your spell library contained the following spells:

 Spells                   Type           Power      Damage    Failure   Level
 Shock                    Conj/Air       44%        1d5       6%          1
 Magic Dart               Conj           36%        1d4       8%          1
 Static Discharge         Conj/Air       11%        3-5/arc   9%          2
 Poisonous Vapours        Pois/Air       12%        N/A       16%         2
 Sting                    Tmut/Pois      0%         1d3       24%         1
 Mephitic Cloud           Conj/Pois/Air  7%         N/A       28%         3
 Corpse Rot               Necr/Pois/Air  4%         N/A       80%         4
 Olgreb's Toxic Radiance  Pois           0%         N/A       94%         4


Dungeon Overview and Level Annotations

Branches:
Dungeon (2/15)


Innate Abilities, Weirdness & Mutations

You have an increased reservoir of magic. (+10% MP)
You shall have no god before yourself.
Your divine heritage dramatically boosts your attributes as you level up.


Message History

The ball python constricts you.
An adder comes into view.
The ball python closely misses you. The ball python constricts you.
You escape the ball python's grasp.
The ball python barely misses you. The ball python grabs you.
The ball python constricts you.
You completely miss the ball python.
The ball python bites you but does no damage.
The ball python constricts you.
You hit the ball python.
You kill the ball python!
Found a gold piece.
An adder comes into view.
The adder hisses angrily. x2
The adder bites you but does no damage. The adder bites you.
You barely miss the adder. The adder barely misses you.
You hit the adder.
The adder is moderately wounded.
The adder bites you. The adder bites you but does no damage.
You completely miss the adder.
The adder is moderately wounded.
The adder bites you but does no damage. The adder closely misses you.
The adder completely misses you.
You hit the adder.
The adder is moderately wounded.
The adder closely misses you. The adder bites you.
You are poisoned.
The adder poisons you! The adder completely misses you.
You closely miss the adder.
The adder is moderately wounded.
* * * LOW HITPOINT WARNING * * *
You feel sick. The adder bites you but does no damage.
The adder closely misses you. x2
You hit the adder.
The adder is heavily wounded.
You feel sick. The adder bites you.
* * * LOW HITPOINT WARNING * * *
You are more poisoned.
The adder poisons you! The adder bites you.
You die...

###### ####....
......
####$..#####
###..........#
....##...#.#.#
#.....S@.#..#
#.####.S#....#
#..#..#.#
#..#..#.#
#..#..#.###.#
#............
##<.).#.#####
.............#
..#............#


You could see 2 adders.

Vanquished Creatures
  A dart slug (D:1)
  2 endoplasms (D:1)
  A giant cockroach (D:1)
  2 goblins
  3 hobgoblins (D:1)
  4 ball pythons
  A bat (D:1)
  2 frilled lizards (D:1)
  4 kobolds (D:1)
  2 rats (D:1)
22 creatures vanquished.

Notes
Turn   | Place    | Note
-------+----------+-------------------------------------------
     0 | D:1      | Mickster the Demigod Wanderer began the quest for the Orb.
     0 | D:1      | Mickster set off with the following items: a +0 dagger, a
                  | potion of curing, a +0 robe, a +0 helmet; and the following
                  | spells available to memorise: Shock, Magic Dart, Static
                  | Discharge, Mephitic Cloud, Corpse Rot.
     0 | D:1      | Reached XP level 1. HP: 14/14 MP: 4/4
   112 | D:1      | Reached skill level 4 in Air Magic
   195 | D:1      | Reached XP level 2. HP: 20/20 MP: 5/5
   776 | D:2      | HP: 1/20 [adder (3)]
   776 | D:2      | Slain by an adder

Illustrated notes

Levels and vault maps discovered:
D:1:      lemuel_arrival_broad_hall, layout_loops_corners,
          nicolae_ecumenical_lake_church
D:2:      layout_loops_ring, serial_shops, shop_fountains,
          uniq_crazy_yiuf_cottage

Skill      XL: |  1 |
---------------+----+-----
Air Magic      | 4 |  4.1
Long Blades    | |  0.8
Dodging        | |  0.2
Stealth        | |  1.8
Spellcasting   | |  1.0
Conjurations   | |  2.8

Action                   || total
-------------------------++-------
Melee: Dagger            ||    15
       Falchion          ||    41
       Punch             ||     1
  Use: Potion            ||     3
       Scroll            ||     1
 Stab: Sleeping          ||     3
Armor: Robe              ||    16
Dodge: Dodged            ||    49
